 Dungeon Crawl Stone Soup version 0.30.1-9-gdf580d7c3d (webtiles) character file.

Game seed: 6083444201238084135

89 growler the Gusty (level 4, -4/24 HPs)
             Began as a Tengu Air Elementalist on Sept 28, 2023.
             Slain by a hobgoblin (7 damage)
             ... led by Robin
             ... on level 4 of the Dungeon.
             The game lasted 00:03:55 (3020 turns).

growler the Gusty (Tengu Air Elementalist)          Turns: 3020, Time: 00:03:55

Health: -4/24      AC:  2    Str:  8    XL:     4   Next: 55%
Magic:  0/9        EV: 12    Int: 17    God:
Gold:   167        SH:  0    Dex: 15    Spells: 2/8 levels left

rFire   . . .        k - +2 rapier (venom)
rCold   . . .        (no shield)
rNeg    . . .        a - +0 robe
rPois   .            (helmet restricted)
rElec   .            (no cloak)
rCorr   .            (no gloves)
SInv    .            (boots unavailable)
Will    .....        (no amulet)
Stlth   ++           (no ring)
HPRegen 0.24/turn    (no ring)
MPRegen 0.11/turn

%: no passive effects
@: no status effects
A: beak, talons 3
a: no special abilities


You were on level 4 of the Dungeon.
You visited 1 branch of the dungeon, and saw 4 of its levels.

You collected 167 gold pieces.

Inventory:

Hand Weapons
 k - a +2 rapier of venom (weapon)
Armour
 a - a +0 robe (worn)
Jewellery
 f - a ring of willpower
 s - a ring of resist corrosion
Scrolls
 c - 3 scrolls of fog {unknown}
 e - a scroll of blinking {unknown}
 g - 3 scrolls of teleportation {unknown}
 h - 4 scrolls of identify {unknown}
 i - a scroll of silence {unknown}
 l - 4 scrolls of poison {unknown}
 o - a scroll of noise {unknown}
 q - a scroll of immolation {unknown}
 r - a scroll of enchant weapon {unknown}
 t - a scroll of acquirement {unknown}
Potions
 b - a potion of magic
 d - 3 potions of ambrosia {unknown}
 j - 4 potions of heal wounds {unknown}
 m - a potion of mutation {unknown}
 n - a potion of lignification {unknown}
 p - 2 potions of curing {unknown}


   Skills:
 - Level 2.1 Dodging
 - Level 2.0 Stealth
 + Level 2.9 Spellcasting
 + Level 3.4 Conjurations
 + Level 5.1 Air Magic


You had 2 spell levels left.
You knew the following spells:

 Your Spells              Type           Power      Damage    Failure   Level
a - Shock                 Conj/Air       68%        1d7       3%          1
b - Static Discharge      Conj/Air       34%        2-4/arc   4%          2
c - Swiftness             Air            20%        N/A       6%          3

Your spell library contained the following spells:

 Spells                   Type           Power      Damage    Failure   Level
 Airstrike                Air            10%        2d(2-18)  22%         4


Dungeon Overview and Level Annotations

Branches:
Dungeon (4/15)
 Temple: D:4-7

Altars:
Ashenzari

Annotations:
D:4 Robin


Innate Abilities, Weirdness & Mutations

You have a beak for a mouth.
You have claws for feet.


Message History

The goblin is severely wounded.
The zap hits the hobgoblin!
You kill the hobgoblin!
A goblin comes into view. It is wielding a +0 dagger.
The goblin hits you with a +0 dagger.
The zap hits the goblin.
You kill the goblin!
The zap hits the goblin.
The goblin is heavily wounded.
The goblin shoots a sling bullet.
The sling bullet barely misses you.
The zap hits the goblin.
You kill the goblin!
The zap hits the goblin.
The goblin is severely wounded.
The goblin shoots a sling bullet.
The sling bullet hits you. Robin throws the goblin at you!
The zap misses the goblin.
The zap hits the goblin.
The goblin is moderately wounded.
The zap misses the goblin.
The goblin unwields a +0 sling.
The goblin wields a +0 dagger.
The goblin hits you with a +0 dagger.
You are out of magic!
Unknown command.
You hit the goblin.
You kill the goblin!
You hit the goblin.
You kill the goblin!
You closely miss the hobgoblin.
Robin roars a battlecry!
The goblins go into a battle-frenzy!
The hobgoblin hits you.
You closely miss the hobgoblin. The hobgoblin barely misses you.
You completely miss the hobgoblin.
You claw the hobgoblin, but do no damage.
Robin throws the goblin at you! The goblin hits you with a +0 dagger.
* * * LOW HITPOINT WARNING * * *
The hobgoblin closely misses you. The hobgoblin hits you.
* * * LOW HITPOINT WARNING * * *
The goblin hits you but does no damage. The hobgoblin attacks as you move away!
The hobgoblin hits you!
You die...

#.###########.##
#.# #.# #.# #.#
##### #.########
#.... #........#
. #.###
#.....##.# .)"
## #.#.#.# #..).
# #.
#.....##.)...)
#.##.
#....g@gg.†...
+....
#....###.....!
#.##. #.#..#
#.... #....
#..... ... ####.
####.# . ##< #.
#.. #. #.. #.
#.. #..


You could see Robin, a hobgoblin (strong) and a goblin (strong).

Vanquished Creatures
  2 adders
  A worm (D:2)
  3 orcs
  2 bats (D:1)
  6 endoplasms
  4 giant cockroaches
  12 goblins
  3 hobgoblins
  3 jackals (D:2)
  2 kobolds
  2 quokkas (D:3)
  9 ball pythons
  2 frilled lizards (D:2)
  5 rats
56 creatures vanquished.

Notes
Turn   | Place    | Note
-------+----------+-------------------------------------------
     0 | D:1      | growler the Tengu Air Elementalist began the quest for the
                  | Orb.
     0 | D:1      | Reached XP level 1. HP: 10/10 MP: 4/4
   356 | D:1      | Reached XP level 2. HP: 15/15 MP: 1/6
   359 | D:1      | Learned a level 2 spell: Static Discharge
  1503 | D:2      | Reached XP level 3. HP: 19/19 MP: 5/7
  2191 | D:2      | Learned a level 3 spell: Swiftness
  2434 | D:3      | Reached XP level 4. HP: 24/24 MP: 5/9
  2473 | D:3      | Found a broken altar of Ashenzari.
  2881 | D:4      | Reached skill level 5 in Air Magic
  3008 | D:4      | Noticed Robin
  3020 | D:4      | Slain by a hobgoblin

Illustrated notes

Levels and vault maps discovered:
D:1:      dpeg_arrival_central, layout_basic
D:2:      layout_basic, corexii_item_surrounded_by_moat, grunt_ministairs_13
D:3:      layout_basic, fedhas_altar_4, evilmike_ruin_ashenzari,
          amethyst_overflow_temple_binary
D:4:      layout_loops_corners, mainiacjoe_overflow_tiny_flanked, serial_shops,
          nicolae_shop_behind_doors, ebering_ghost_inner_flame, uniq_robin

Skill      XL: |  1  2  3  4 |
---------------+-------------+-----
Conjurations   | 2 3 |  3.4
Air Magic      | 5 |  5.1
Dodging        | |  2.1
Stealth        | |  2.0
Spellcasting   | |  2.9

Action                     |  1- 3 |  4- 6 || total
---------------------------+-------+-------++-------
  Melee: Rapier            |     3 |     5 ||     8
         Kick              |     1 |     1 ||     2
         Peck              |     1 |       ||     1
   Cast: Shock             |    77 |    28 ||   105
 Armour: Robe              |     2 |     2 ||     4
  Dodge: Dodged            |     6 |    11 ||    17
